 Dungeon Crawl Stone Soup version 0.23-a0-635-g88ca12a (webtiles) character file.

2135 zishaf the Digger (level 9, -7/78 HPs)
             Began as a Deep Dwarf Earth Elementalist on Dec 27, 2018.
             Was an Initiate of Makhleb.
             Mangled by an orc warrior
             ... wielding a +0 dire flail
              (20 damage)
             ... on level 6 of the Dungeon.
             The game lasted 00:14:54 (5600 turns).

zishaf the Digger (Deep Dwarf Earth Elementalist)   Turns: 5600, Time: 00:14:54

Health: -7/78      AC:  6    Str: 15    XL:     9   Next: 9%
Magic:  9/9        EV: 14    Int: 16    God:    Makhleb [......]
Gold:   317        SH: 10    Dex: 20    Spells: 1/12 levels left

rFire    + + .     SeeInvis .   a - +0 war axe
rCold    . . .     Gourm    .   x - +0 shield
rNeg     + . .     Faith    .   G - +2 leather armour "Xofedaorr" {rF++ rCorr Dex+7}
rPois    .         Spirit   .   (no helmet)
rElec    .         Reflect  .   (no cloak)
rCorr    +         Harm     .   k - +0 pair of gloves
MR       +....                  (no boots)
Stlth    ++........             u - amulet of rage
HPRegen  0.00/turn              y - ring of positive energy
MPRegen  0.11/turn              B - +4 ring of slaying

@: non-regenerating
A: damage resistance, heal wounds, sense surroundings 2, no regeneration
a: Heal Wounds, Renounce Religion, Evoke Berserk Rage


You were on level 6 of the Dungeon.
You worshipped Makhleb.
Makhleb was noncommittal.
You were hungry.

You visited 2 branches of the dungeon, and saw 7 of its levels.

You collected 317 gold pieces.

Inventory:

Hand Weapons
 a - a +0 war axe (weapon)
 b - a +0 hand crossbow
 n - a +0 flail of pain
 t - a +0 hand axe
Missiles
 f - 28 bolts
 H - 224 stones (quivered)
Armour
 k - a +0 pair of gloves (worn)
 l - a +0 leather armour
 p - a +0 ring mail
 s - a +0 plate armour
 x - a +0 shield (worn)
 G - the +2 leather armour "Xofedaorr" (worn) {rF++ rCorr Dex+7}
   (You found it on level 5 of the Dungeon)

   It affects your dexterity (+7).
   It greatly protects you from fire.
   It provides partial protection from all sources of acid and corrosion.
Jewellery
 u - an amulet of rage (around neck)
 y - a ring of positive energy (left hand)
 B - a +4 ring of slaying (right hand)
Wands
 o - a wand of flame (16)
 v - a wand of polymorph (6)
Scrolls
 g - 4 scrolls of teleportation
 i - a scroll of fog {unknown}
 m - a scroll of blinking
 r - a scroll of amnesia
 A - a scroll of noise {unknown}
 D - a scroll of remove curse
 F - a scroll of fear {unknown}
 I - a scroll of identify
 J - a scroll of magic mapping {unknown}
Potions
 c - a potion of flight {unknown}
 e - a potion of brilliance {unknown}
 h - 2 potions of haste
 j - a potion of resistance
 q - a potion of heal wounds
 w - a potion of ambrosia {unknown}
 z - a potion of invisibility {unknown}
 C - 2 potions of curing {unknown}
 E - a potion of magic {unknown}
 K - a potion of berserk rage {unknown}
Comestibles
 d - 4 rations


   Skills:
 + Level 3.8 Fighting
 + Level 4.4 Axes
 + Level 1.7 Crossbows
 - Level 4.0 Armour
 - Level 6.0 Dodging
 - Level 2.4 Stealth
 * Level 5.6 Shields
 - Level 2.0 Spellcasting
 - Level 1.2 Conjurations
 - Level 0.8 Transmutations
 + Level 7.8 Earth Magic


You had one spell level left.
You knew the following spells:

 Your Spells              Type           Power        Failure   Level  Hunger
a - Sandblast             Erth           ####..       3%          1    #......
b - Passwall              Tmut/Erth      ###.....     22%         2    ###....
c - Stone Arrow           Conj/Erth      ###...       36%         3    ###....
d - Lee's Rapid Deconstr  Erth           ####......   67%         5    ######.

Your spell library contained the following spells:

 Spells                   Type           Power        Failure   Level  Hunger
 Corona                   Hex            #......      63%         1    #......
 Ensorcelled Hibernation  Hex/Ice        #.....       77%         2    ###....
 Petrify                  Tmut/Erth      ###.....     80%         4    #####..
 Dazzling Spray           Conj/Hex       #.....       89%         3    ###....
 Confuse                  Hex            #.......     94%         3    ###....
 Tukima's Dance           Hex            #.......     94%         3    ###....


Dungeon Overview and Level Annotations

Branches:
Dungeon (6/15)             Temple (1/1) D:5

Altars:
Ashenzari
Cheibriados
Elyvilon
Fedhas
Gozag
Kikubaaqudgha
Makhleb
Nemelex Xobeh
Okawaru
Qazlal
Sif Muna
Trog
Uskayaw
Vehumet
Xom
Yredelemnul
Zin
The Shining One


Innate Abilities, Weirdness & Mutations

You are resistant to damage.
You can heal yourself by infusing magical energy.
You passively map the area around you.
You do not regenerate.


Message History

You hit the orc warrior but do no damage.
The orc warrior is severely wounded.
You closely miss the crimson imp. You block the crimson imp's attack.
The orc warrior hits you with a +0 dire flail!!
The crimson imp hits you but does no damage.
You closely miss the orc warrior.
The orc warrior is severely wounded.
You hit the crimson imp. You block the orc warrior's attack.
The crimson imp hits you but does no damage.
The orc warrior hits you with a +0 dire flail!
* * * LOW HITPOINT WARNING * * *
You hit the orc warrior but do no damage.
The orc warrior is heavily wounded.
You barely miss the crimson imp. You block the crimson imp's attack.
The orc warrior misses you. The crimson imp hits you.
You hit the orc warrior.
The orc warrior is severely wounded.
You closely miss the crimson imp.
The orc warrior hits you with a +0 dire flail!!
You die...

#..........# #.....# #.##.#
#..........# #.....###
#.##.# #..........#
#.#.....# #.##.#
#..........# ####'#.....#
#.##.. ####.....###
#..........# #.#### #######
#..........# #.# # *
######......#+### #.####
*.........5...#.# #.#...
*.......)@......#####'#...
*.......)o......#...รท.....
...(..........>#.#..)....
(............#...#.......
(............#.###.......
(............#.# #.....##
............### ##....#
........##### #....# ,,...
#....#


You could see an orc warrior and a crimson imp.

Vanquished Creatures
  Pikel (D:5)
  Grinder (D:4)
  An orc warrior (D:6)
  2 ice beasts
  A slave (D:5)
  Duvessa (D:5)
  2 ogres
  A centaur (D:4)
  A bullfrog (D:5)
  Blork the orc (D:6)
  Dowan (D:5)
  2 scorpions (D:6)
  A crimson imp (D:6)
  A bullfrog zombie (D:2)
  2 hounds (D:6)
  A centaur skeleton (D:6)
  An orc wizard (D:4)
  2 orc priests
  A bullfrog skeleton (D:6)
  Terence (D:3)
  An iguana (D:5)
  4 worker ants
  A howler monkey skeleton (D:4)
  A worker ant zombie (D:6)
  4 adders
  A shadow imp (D:5)
  An adder zombie (D:6)
  4 worms
  2 adder skeletons
  2 dart slugs
  2 leopard geckos
  15 orcs
  2 giant cockroaches
  4 goblins
  3 hobgoblins
  4 jackals (D:6)
  4 quokkas
  3 ball pythons
  5 bats
  4 frilled lizards
  11 kobolds
  7 rats
110 creatures vanquished.

Vanquished Creatures (others)
  Sigmund (D:5)
  An adder (D:5)
  A worm (D:5)
3 creatures vanquished.

Grand Total: 113 creatures vanquished

Notes
Turn   | Place    | Note
-------+----------+-------------------------------------------
     0 | D:1      | zishaf the Deep Dwarf Earth Elementalist began the quest
                  | for the Orb.
     0 | D:1      | Reached XP level 1. HP: 15/15 MP: 3/3
   210 | D:1      | Reached XP level 2. HP: 20/22 MP: 1/5
   231 | D:1      | Learned a level 2 spell: Passwall
   891 | D:2      | Reached XP level 3. HP: 26/28 MP: 3/6
   925 | D:2      | Learned a level 3 spell: Stone Arrow
  1114 | D:2      | Reached skill level 5 in Earth Magic
  1133 | D:2      | Reached XP level 4. HP: 15/36 MP: 5/7
  1413 | D:2      | Found a stormy altar of Qazlal.
  1660 | D:3      | Noticed Terence
  1684 | D:3      | Killed Terence
  1818 | D:3      | Reached XP level 5. HP: 30/43 MP: 6/8
  2149 | D:3      | Reached skill level 6 in Earth Magic
  2503 | D:4      | Noticed a centaur
  2513 | D:4      | Killed a centaur
  2513 | D:4      | Reached skill level 1 in Fighting
  2513 | D:4      | Reached skill level 1 in Axes
  2513 | D:4      | Reached skill level 1 in Conjurations
  2600 | D:4      | Noticed an ogre
  2630 | D:4      | Killed an ogre
  2630 | D:4      | Reached XP level 6. HP: 51/51 MP: 4/8
  2685 | D:4      | Noticed Grinder
  2721 | D:4      | Killed Grinder
  2721 | D:4      | Reached skill level 1 in Armour
  2721 | D:4      | Reached skill level 7 in Earth Magic
  2721 | D:4      | Reached XP level 7. HP: 58/58 MP: 2/9
  3202 | D:4      | Reached skill level 1 in Shields
  3335 | D:5      | Entered Level 5 of the Dungeon
  3440 | D:5      | Reached skill level 5 in Dodging
  3441 | D:5      | Found a staircase to the Ecumenical Temple.
  3456 | Temple   | Entered the Ecumenical Temple
  3565 | Temple   | Became a worshipper of Makhleb the Destroyer
  3766 | D:5      | Noticed Pikel
  3796 | D:5      | Killed Pikel
  3796 | D:5      | Reached XP level 8. HP: 25/69 MP: 0/9
  3929 | D:5      | Killed Sigmund
  3967 | D:5      | Found a glowing golden altar of the Shining One.
  4033 | D:5      | Noticed Duvessa
  4033 | D:5      | Noticed Dowan
  4039 | D:5      | Killed Duvessa
  4054 | D:5      | Killed Dowan
  4115 | D:5      | Got a shimmering leather armour
  4126 | D:5      | Identified the +2 leather armour "Xofedaorr" {rF++ rCorr
                  | Dex+7} (You found it on level 5 of the Dungeon)
  4220 | D:5      | Learned a level 5 spell: Lee's Rapid Deconstruction
  4583 | D:6      | Noticed Blork the orc
  4594 | D:6      | Killed Blork the orc
  4594 | D:6      | Reached skill level 5 in Shields
  4718 | D:6      | Reached skill level 1 in Crossbows
  5287 | D:6      | Gained mutation: You passively map the area around you.
                  | [Deep Dwarf growth]
  5287 | D:6      | Reached XP level 9. HP: 64/78 MP: 9/9
  5600 | D:6      | Mangled by an orc warrior

Vault maps used:
D:1:      scummos_arrival_forest, minmay_bisected
D:2:      grunt_qazlal_clouds
D:3:      first_ration, uniq_terence
D:4:      uniq_grinder
D:5:      minmay_temple_entry_proselytizer, basic_altar, minivault_1,
          uniq_duvessa, uniq_sigmund, uniq_pikel
D:6:      uniq_blork_the_orc
Temple:   dpeg_five_rooms_temple

Skill      XL: |  1  2  3  4  5  6  7  8 |
---------------+-------------------------+-----
Spellcasting   | 2 |  2.0
Dodging        | 3 4 5 6 |  6.0
Earth Magic    | 5 6 7 |  7.8
Fighting       | 1 3 |  3.8
Axes           | 1 2 3 4 |  4.4
Conjurations   | 1 |  1.2
Armour         | 1 3 4 |  4.0
Shields        | 3 5 |  5.6
Crossbows      | 1 |  1.7
Stealth        | |  2.4
Transmutations | |  0.8

Action                   |  1- 3 |  4- 6 |  7- 9 || total
-------------------------+-------+-------+-------++-------
Melee: Dagger            |    11 |       |       ||    11
       Flail             |    15 |    36 |       ||    51
       Hand axe          |       |    21 |       ||    21
       War axe           |       |       |   180 ||   180
 Fire: Hand crossbow     |       |       |    40 ||    40
 Cast: Sandblast         |    37 |    32 |    24 ||    93
       Passwall          |       |     1 |       ||     1
 Abil: Heal Wounds       |       |     3 |    10 ||    13
  Use: Scroll            |       |     5 |     2 ||     7
 Stab: Sleeping          |     6 |     1 |       ||     7
  Eat: Chunk             |     1 |     5 |     7 ||    13
       Ration            |       |       |     1 ||     1
Armor: Leather armour    |     9 |       |    25 ||    34
       Ring mail         |       |    17 |    37 ||    54
Dodge: Dodged            |    33 |    53 |    96 ||   182
Block: Shield            |       |       |   106 ||   106

Table legend:
 A = Non-vault XP
 B = Vault XP
 C = Vault XP percentage of total XP
 D = Non-vault monster count
 E = Vault monster count
 F = Vault count percentage of total count
                 A         B        C        D         E       F
            +---------+---------+-------+---------+---------+-------
      Total |    1756 |    1295 |  42.4 |     100 |       9 |   8.3
            +---------+---------+-------+---------+---------+-------
        D:1 |      23 |       4 |  14.8 |      15 |       2 |  11.8
        D:2 |     113 |       0 |   0.0 |      24 |       0 |   0.0
        D:3 |      57 |      38 |  40.0 |      15 |       1 |   6.2
        D:4 |     339 |     295 |  46.5 |      10 |       1 |   9.1
        D:5 |     319 |     867 |  73.1 |      11 |       4 |  26.7
        D:6 |     905 |      91 |   9.1 |      25 |       1 |   3.8
            +---------+---------+-------+---------+---------+-------
